 Dungeon Crawl Stone Soup version 0.30-b1-2-g02819fbbbe (webtiles) character file.

Game seed: 10231430620799648000

67 Alarkh the Digger (level 4, -4/30 HPs)
             Began as a Demonspawn Earth Elementalist on May 30, 2023.
             Slain by Natasha (8 damage)
             ... on level 2 of the Dungeon.
             The game lasted 00:01:47 (1341 turns).

Alarkh the Digger (Demonspawn Earth Elementalist)   Turns: 1341, Time: 00:01:47

Health: -4/30      AC:  2    Str:  8    XL:     4   Next: 0%
Magic:  7/8        EV: 12    Int: 19    God:
Gold:   46         SH:  0    Dex: 13    Spells: 4/8 levels left

rFire   + . .        (no weapon)
rCold   + . .        (no shield)
rNeg    . . .        a - +0 robe
rPois   .            (no helmet)
rElec   .            m - scarf {rC+ rF+}
rCorr   .            (no gloves)
SInv    .            (no boots)
Will    .....        (no amulet)
Stlth   ++           (no ring)
HPRegen 0.25/turn    (no ring)
MPRegen 0.11/turn

%: no passive effects
@: mighty
A: powered by pain 1, demonic touch 1
a: no special abilities


You were on level 2 of the Dungeon.
You visited 1 branch of the dungeon, and saw 2 of its levels.

You collected 46 gold pieces.

Inventory:

Armour
 a - a +0 robe (worn)
 m - a scarf of resistance (worn)
Scrolls
 c - a scroll of immolation {unknown}
 d - a scroll of enchant weapon
 i - a scroll of silence {unknown}
 j - a scroll of noise
 r - a scroll of identify
Potions
 b - a potion of magic
 f - 2 potions of ambrosia
 h - a potion of flight
 k - 2 potions of haste
 l - a potion of heal wounds


   Skills:
 - Level 1.7 Dodging
 - Level 1.7 Stealth
 + Level 2.7 Spellcasting
 - Level 0.8 Transmutations
 * Level 4.0 Earth Magic


You had 4 spell levels left.
You knew the following spells:

 Your Spells              Type           Power      Damage    Failure   Level
a - Sandblast             Erth           34%        2d9       3%          1
b - Stone Arrow           Conj/Erth      20%        3d8       21%         3

Your spell library contained the following spells:

 Spells                   Type           Power      Damage    Failure   Level
 Passwall                 Tmut/Erth      9%         N/A       9%          2
 Petrify                  Tmut/Erth      11%        N/A       50%         4
 Iskenderun's Battlesphe  Conj           2%         2d6       99%         5
 Iron Shot                Conj/Erth      5%         9d2       100%        6
 Spellforged Servitor     Conj/Summ      1%         N/A       100%        7


Dungeon Overview and Level Annotations

Branches:
Dungeon (2/15)

Altars:
Makhleb

Annotations:
D:2 Natasha


Innate Abilities, Weirdness & Mutations

You sometimes gain a little power by taking damage.
Your touch may inflict minor irresistible damage on your foes.


Message History

Aiming: Sandblast (safe; 3% risk of failure)
Press: ? - help, Shift-Dir - straight line, f - Natasha
Aim: Natasha (77% to hit)
The blast of sand hits Natasha but does no damage.
Natasha claws you!
You focus on the pain.
You feel your power returning. The cerulean imp misses you.
Casting: Sandblast (safe; 3% risk of failure)
Confirm with . or Enter, or press ? or * to list all spells.
Aiming: Sandblast (safe; 3% risk of failure)
Press: ? - help, Shift-Dir - straight line, f/p - Natasha
Aim: Natasha (77% to hit)
You miscast Sandblast.
You are very lightly contaminated with residual magic.
Nothing appears to happen.
The cerulean imp closely misses you. Natasha claws you.
Casting: Sandblast (safe; 3% risk of failure)
Confirm with . or Enter, or press ? or * to list all spells.
Aiming: Sandblast (safe; 3% risk of failure)
Press: ? - help, Shift-Dir - straight line, f/p - Natasha
Aim: Natasha (77% to hit)
The blast of sand misses Natasha.
The blast of sand misses the cerulean imp. x2
The cerulean imp misses you. Natasha claws you!
* * * LOW HITPOINT WARNING * * *
You focus on the pain.
You feel very mighty all of a sudden.
Natasha casts a spell.
The cerulean imp hits you from afar with a +1 spear.
* * * LOW HITPOINT WARNING * * *
As you read the scroll of fear, it crumbles to dust.
You assume a fearsome visage.
The cerulean imp looks frightened!
The cerulean imp resists with some effort.
The cerulean imp looks frightened!
Natasha looks frightened!
The cerulean imp barely misses you.
Cornered, Natasha turns to fight!
Your magical contamination has completely faded away.
There is a stone staircase leading up here.
The cerulean imp disappears in a puff of smoke!
Natasha claws you!
You die...

#######..# #.#.# #####
#....##..######.#.# #...#
#....##..##.....#.###...#####
#....##..##.#####...'...'...#
##....##..##.#......##...#####
.'.....#..##.#.#...###...#
##...).#..##.#.....# #...#
#...^.#..##.###...# #...#
#.....#..##....@..# #...#
#.....#..######h..# #...#
#.....#......#.ยง..# ##### ..
#.....#.####....### #.
#.....#........#### #.
#####.#####>......# #. #.#
##.#.##5## #. #.# #.#)##..#
##### #. #.# #.#.###.####...#
#.


You could see Natasha.

Vanquished Creatures
  Natasha (D:2)
  An adder (D:2)
  A worm (D:2)
  A dart slug (D:1)
  5 ball pythons (D:1)
  2 endoplasms (D:1)
  A giant cockroach (D:2)
  3 goblins
  3 hobgoblins
  3 jackals (D:2)
  A quokka (D:2)
  A bat (D:1)
  4 rats
27 creatures vanquished.

Notes
Turn   | Place    | Note
-------+----------+-------------------------------------------
     0 | D:1      | Alarkh the Demonspawn Earth Elementalist began the quest
                  | for the Orb.
     0 | D:1      | Reached XP level 1. HP: 13/13 MP: 3/3
   120 | D:1      | Reached skill level 3 in Earth Magic
   196 | D:1      | Gained mutation: Your touch may inflict minor irresistible
                  | damage on your foes. [demonic ancestry]
   196 | D:1      | Reached XP level 2. HP: 19/19 MP: 3/5
   714 | D:2      | Noticed Natasha
   752 | D:2      | Killed Natasha
   753 | D:2      | Reached XP level 3. HP: 15/24 MP: 1/6
   757 | D:2      | Learned a level 3 spell: Stone Arrow
  1186 | D:2      | Found a burning altar of Makhleb.
  1288 | D:2      | Reached skill level 4 in Earth Magic
  1288 | D:2      | Noticed Natasha
  1331 | D:2      | Gained mutation: You sometimes gain a little power by
                  | taking damage. [demonic ancestry]
  1331 | D:2      | Reached XP level 4. HP: 24/30 MP: 4/8
  1341 | D:2      | Slain by Natasha

Illustrated notes

Levels and vault maps discovered:
D:1:      dreamdust_arrival_beginning_and_end, layout_loops_ring,
          minmay_split_cup_small
D:2:      layout_basic, basic_altar, chequers_serial_rivers_large_a,
          uniq_natasha

Skill      XL: |  1  2  3 |
---------------+----------+-----
Earth Magic    | 3 4 |  4.0
Dodging        | |  1.7
Stealth        | |  1.7
Spellcasting   | |  2.7
Transmutations | |  0.8

Action                     |  1- 3 |  4- 6 || total
---------------------------+-------+-------++-------
  Melee: Unarmed           |    11 |       ||    11
   Cast: Sandblast         |    44 |     2 ||    46
    Use: Scroll            |     6 |     1 ||     7
         Potion            |     1 |       ||     1
 Armour: Robe              |     6 |       ||     6
  Dodge: Dodged            |    32 |     4 ||    36
